 Dungeon Crawl Stone Soup version 0.27-a0-668-gb5737ff2c0 (webtiles) character file.

Game seed: 13686139870413573415

53 rageheart7 the Digger (level 3, 0/27 HPs)
             Began as a Demigod Earth Elementalist on Mar 18, 2021.
             Slain by an orc
             ... wielding a +0 hand axe
              (2 damage)
             ... on level 2 of the Dungeon.
             The game lasted 00:03:49 (2651 turns).

rageheart7 the Digger (Demigod Earth Elementalist)  Turns: 2651, Time: 00:03:51

Health: 0/27       AC:  2    Str:  9    XL:     3   Next: 41%
Magic:  6/9        EV: 12    Int: 21    God:
Gold:   57         SH:  0    Dex: 14    Spells: 2/6 levels left

rFire    . . .     SeeInvis .   d - +0 club
rCold    . . .     Faith    .   (no shield)
rNeg     . . .     Spirit   .   c - +0 robe
rPois    .         Reflect  .   (no helmet)
rElec    .         Harm     .   (no cloak)
rCorr    .         Rampage  .   (no gloves)
Will     .....                  (no boots)
Stlth    ++........             (no amulet)
HPRegen  0.09/turn              (no ring)
MPRegen  0.11/turn              (no ring)

@: brilliant
A: high mp 1, forlorn
a: no special abilities


You were on level 2 of the Dungeon.
You visited 1 branch of the dungeon, and saw 4 of its levels.

You collected 57 gold pieces.

Inventory:

Hand Weapons
 d - a +0 club (weapon)
Missiles
 b - 62 stones
Armour
 c - a +0 robe (worn)
Scrolls
 a - 2 scrolls of enchant weapon {unknown}
 e - a scroll of amnesia {unknown}
 g - a scroll of silence {unknown}
 h - a scroll of teleportation {unknown}


   Skills:
 * Level 0.9 Fighting
 - Level 1.7 Dodging
 - Level 1.7 Stealth
 * Level 2.3 Spellcasting
 - Level 0.8 Transmutations
 * Level 3.6 Earth Magic


You had 2 spell levels left.
You knew the following spells:

 Your Spells              Type           Power      Damage    Failure   Level
a - Sandblast             Erth           52%        2d12      3%          1
b - Stone Arrow           Conj/Erth      30%        3d8       21%         3

Your spell library contained the following spells:

 Spells                   Type           Power      Damage    Failure   Level
 Passwall                 Tmut/Erth      14%        N/A       9%          2
 Confusing Touch          Hex            3%         N/A       41%         3
 Gell's Gravitas          Tloc           1%         N/A       41%         3
 Petrify                  Tmut/Erth      17%        N/A       50%         4
 Lee's Rapid Deconstruct  Erth           13%        3d10*     65%         5
 Yara's Violent Unravell  Hex/Tmut       3%         3d4       97%         5
 Metabolic Englaciation   Hex/Ice        1%         N/A       99%         5


Dungeon Overview and Level Annotations

Branches:
Dungeon (4/15)
 Temple: D:4-7


Innate Abilities, Weirdness & Mutations

Your attributes grow dramatically as you level up.
You have an increased reservoir of magic. (+10% MP)
You shall have no god before yourself.


Message History

The orc wizard flickers and vanishes!
Deactivating autopickup; reactivate with Ctrl-A.
An orc comes into view.
You swing at nothing.
You swing at nothing.
You swing at nothing.
You closely miss something. Something hits you.
You completely miss something. Something hits you! Something hits you.
You barely miss something.
You hear some strange, mumbled words.
Something tries to affect you, but you resist.
Casting: Sandblast (safe; 3% risk of failure)
Confirm with . or Enter, or press ? or * to list all spells.
You don't know that spell.
Sorry, you're not good enough to have a special ability.
Casting: Sandblast (safe; 3% risk of failure)
Confirm with . or Enter, or press ? or * to list all spells.
Aiming: Sandblast (safe; 3% risk of failure)
Press: ? - help, Shift-Dir - straight line The blast of sand hits something but does no damage.
Casting: Sandblast (safe; 3% risk of failure)
Confirm with . or Enter, or press ? or * to list all spells.
Aiming: Sandblast (safe; 3% risk of failure)
Press: ? - help, Shift-Dir - straight line, f - orc
Aim: an orc, wielding a +0 hand axe and wearing a +0 leather armour (21% to evade)
The blast of sand hits the orc.
The orc is heavily wounded.
The orc hits you with a +0 hand axe!
* * * LOW HITPOINT WARNING * * *
It was a potion of brilliance.
You feel clever all of a sudden. The orc misses you.
Casting: Sandblast (safe; 3% risk of failure)
Confirm with . or Enter, or press ? or * to list all spells.
Aiming: Sandblast (safe; 3% risk of failure)
Press: ? - help, Shift-Dir - straight line, f/p - orc
Aim: an orc, wielding a +0 hand axe and wearing a +0 leather armour (heavily wounded, 19% to evade)
You feel a surge of power!
The blast of sand misses the orc.
The blast of sand hits something.
The orc hits you with a +0 hand axe.
You die...

.#.#......#.#.##.#
.#.#..........##.#
..>.#.##.#.....#.#
.##. ....#.###.#.#
.# .### #...#.#.#
.##. ###.#.#.# ##
.####...#.###
.............#
..########@#.#
#o#.# #######.#.#
####.........#
#......###.###
#......# #.#
#......# #.#
#......# #.#
#....... ..#


You could see an orc.

Vanquished Creatures
  A gnoll (D:1)
  2 oozes (D:1)
  2 leopard geckos
  A giant cockroach (D:2)
  4 goblins
  6 hobgoblins
  3 quokkas
  2 ball pythons (D:1)
  2 bats
  2 frilled lizards
  2 kobolds
  5 rats
32 creatures vanquished.

Notes
Turn   | Place    | Note
-------+----------+-------------------------------------------
     0 | D:1      | rageheart7 the Demigod Earth Elementalist began the quest
                  | for the Orb.
     0 | D:1      | Reached XP level 1. HP: 14/14 MP: 5/5
    67 | D:1      | Reached skill level 3 in Earth Magic
   485 | D:1      | Reached XP level 2. HP: 7/22 MP: 1/7
  1190 | D:1      | Reached XP level 3. HP: 20/27 MP: 6/8
  1843 | D:1      | Learned a level 3 spell: Stone Arrow
  1880 | D:2      | You fall into a shaft and drop 2 floors!
  2651 | D:2      | Slain by an orc

Illustrated notes

Levels and vault maps discovered:
D:1:      onia_arrival_handbag, layout_basic
D:2:      layout_basic, serial_shops, shop
D:3:      layout_basic, chequers_ecumenical_altar_twisty
D:4:      layout_basic, lemuel_zombie_altar_kikubaaqudgha,
          minmay_temple_entry_glass, serial_bayou, serial_bayou_ford_a,
          serial_bayou_crossing, serial_bayou_shore_b, serial_bayou_pond_e

Skill      XL: |  1 |
---------------+----+-----
Earth Magic    | 3 |  3.6
Spellcasting   | 2 |  2.3
Fighting       | |  0.9
Dodging        | |  1.7
Stealth        | |  1.7
Transmutations | |  0.8

Action                   || total
-------------------------++-------
Melee: Club              ||    63
       Unarmed           ||     6
 Cast: Sandblast         ||    35
  Use: Potion            ||     1
 Stab: Sleeping          ||     3
Armor: Robe              ||     8
Dodge: Dodged            ||    57

Table legend: (Time is in decaauts)
 A = Elapsed time spent in this place.
 B = Non-inter-level travel time spent in this place.
 C = Inter-level travel time spent in this place.
 D = Time resting spent in this place.
 E = Time spent auto-exploring this place.
 F = Levels seen in this place.
 G = Mean time per level.
                   A        B        C        D        E       F      G
               +--------+--------+--------+--------+--------+-----+--------+
         Total |   2670 |   2648 |     22 |   1016 |   1365 |   4 |  667.5 |
       Dungeon |   2670 |   2648 |     22 |   1016 |   1365 |   4 |  667.5 |
               +--------+--------+--------+--------+--------+-----+--------+

Top non-repeatable levels by time:
     D:1: 1861 daAuts
     D:2: 436 daAuts
     D:3: 344 daAuts
     D:4: 27 daAuts
